Map: Kairos Junction LE

Players

Arctur - Winner!

  • Race: Terran Terran
  • Spawn Location: 5:00

Losting

  • Race: Protoss Protoss
  • Spawn Location: 11:00

Event: 2019 WCS Spring

VOD

Have the link to the VOD?

Description

Time

  • Played on: May 17, 2019, 7:04 a.m.
  • Length: 7:59

All games in this series

Show
View Real Time Build Order
Export as new Build Order

Arctur Terran - Winner!

Build Orders: Reaper Expand 

Get SALT Encoding   

  12  0:00  SCV  
  13  0:12  SCV  
  14  0:17  Supply Depot  
  14  0:24  SCV  
  15  0:38  SCV  
  15  0:40  Barracks  
  16  0:44  Refinery  
  16  0:50  SCV  
  17  1:02  SCV  
  18  1:14  SCV  
  19  1:27  Reaper, Orbital Command  
  20  1:45  Command Center  
  20  1:53  SCV  
  21  1:59  Marine  
  21  2:00  Supply Depot  
  22  2:05  SCV  
  23  2:13  Factory  
  23  2:22  SCV  
  24  2:25  Barracks Reactor  
  24  2:28  Refinery  
  24  2:34  SCV  
  25  2:46  SCV  
  25  2:56  Orbital Command  
  25  2:58  SCV, Widow Mine  
  27  3:01  Marine x2  
  27  3:02  Starport  
  30  3:10  SCV  
  30  3:11  Barracks  
  31  3:18  Marine  
  31  3:19  Widow Mine  
  34  3:20  Marine  
  34  3:24  SCV x2  
  37  3:36  SCV  
  37  3:37  SCV  
  37  3:40  Medivac  
  37  3:41  Marine x2, Factory Tech Lab  
  41  3:45  Supply Depot  
  43  3:49  SCV x2  
  45  4:01  Barracks Tech Lab, Barracks  
  46  4:02  SCV  
  46  4:07  SCV, Marine x2  
  46  4:09  Supply Depot  
  49  4:15  SCV  
  49  4:16  Engineering Bay  
  50  4:19  SCV, Raven  
  53  4:25  Refinery  
  53  4:27  SCV  
  53  4:31  SCV  
  55  4:32  Stimpack  
  55  4:33  Supply Depot  
  55  4:37  Supply Depot  
  55  4:39  SCV  
  56  4:45  Bunker  
  56  4:55  Marine  
  56  4:56  Marine  
  56  4:57  Marauder  
  56  4:59  SCV x2  
  62  5:00  Terran Infantry Weapons Level 1  
  62  5:05  Supply Depot  
  62  5:08  Starport Reactor  
  62  5:11  SCV x2  
  62  5:12  Marauder  
  66  5:15  Supply Depot  
  66  5:17  Refinery  
  66  5:18  Supply Depot, Marine x2  
  70  5:21  Marauder  
  70  5:23  SCV x2  
  72  5:33  Marauder  
  72  5:35  SCV x2  
  76  5:46  Factory Tech Lab  
  74  5:52  Marine x2  
  74  5:53  Medivac x2  
  74  5:54  Supply Depot  
  74  5:56  Marauder  
  78  6:12  Command Center, Factory Reactor  
  78  6:13  Combat Shield  
  78  6:14  Marauder, Marine x2  
  78  6:18  Marauder  
  84  6:23  Medivac x2  
  88  6:29  Barracks, Supply Depot x2  
  88  6:30  Barracks  
  88  6:32  Marine x2  
  89  6:35  Marauder  
  90  6:45  Liberator x2  
  90  6:47  Marauder  
  91  6:50  Marine x2  
  91  6:52  Supply Depot  
  91  6:53  Supply Depot  
  93  6:57  Marauder  
  99  7:08  Marauder, Marine  
  103  7:09  Concussive Shells  
  99  7:27  Marine  
  91  7:32  Marine  
  91  7:35  SCV x2  
  90  7:38  Barracks Reactor  
  88  7:50  Barracks Reactor  
Show
View Real Time Build Order
Export as new Build Order

Losting Protoss 

Build Orders: 1 Gate Expand, Blink Stalkers 

Get SALT Encoding   

  12  0:00  Probe  
  13  0:13  Probe  
  14  0:17  Pylon  
  14  0:25  Probe  
  15  0:34  Probe  
  15  0:35  Gateway  
  16  0:44  Assimilator, Probe  
  17  0:55  Probe  
  18  1:07  Probe  
  19  1:25  Nexus  
  19  1:34  Cybernetics Core  
  19  1:40  Probe  
  19  1:43  Assimilator  
  19  1:47  Pylon  
  20  1:52  Probe  
  21  2:01  Adept  
  21  2:04  Probe  
  24  2:16  Probe  
  24  2:22  Warp Gate  
  25  2:28  Probe  
  25  2:31  Stalker  
  26  2:38  Probe  
  26  2:40  Probe  
  28  2:50  Probe  
  28  2:51  Probe  
  29  2:57  Twilight Council  
  30  2:59  Probe  
  30  3:02  Probe  
  32  3:07  Probe  
  32  3:10  Stalker  
  35  3:14  Probe  
  35  3:17  Blink  
  35  3:19  Probe  
  37  3:24  Probe  
  38  3:30  Robotics Facility  
  38  3:31  Probe  
  38  3:32  Probe  
  39  3:40  Probe, Pylon  
  40  3:43  Probe  
  42  3:52  Probe  
  42  3:55  Probe  
  44  4:00  Gateway  
  44  4:03  Gateway  
  44  4:04  Probe  
  44  4:07  Assimilator, Probe  
  46  4:12  Stalker  
  49  4:17  Probe  
  49  4:18  Pylon  
  49  4:19  Observer, Probe  
  51  4:29  Probe  
  52  4:35  Stalker  
  54  4:41  Observer, Pylon  
  55  4:49  Probe  
  48  4:57  Probe  
  48  4:59  Stalker x3  
  55  5:01  Probe  
  56  5:09  Probe  
  56  5:13  Probe  
  59  5:21  Probe  
  59  5:22  Stalker  
  59  5:23  Stalker x2  
  59  5:25  Probe  
  59  5:28  Charge  
  64  6:00  Observer  
  64  6:03  Nexus  
  65  6:06  Pylon  
  65  6:08  Forge x2  
  65  6:10  Gateway  
  65  6:15  Probe x2  
  65  6:18  Pylon  
  67  6:20  Sentry  
  67  6:21  Observer  
  67  6:23  Pylon  
  70  6:26  Pylon  
  70  6:27  Zealot x2  
  70  6:31  Pylon  
  74  6:43  Observer  
  75  6:49  Shield Battery  
  75  6:56  Zealot x3, Gateway  
  75  6:57  Pylon, Gateway  
  80  7:07  Zealot  
  80  7:22  Zealot x3  
  66  7:29  Zealot  
  43  7:43  Zealot x3  
  45  7:50  Zealot x3  
Tags
 
Add a new tag
Caveats
  • Supply blocks, unpowered buildings, or Contaminate may cause inaccurate times.
  • Supply counts are checked every 10 seconds.